 Dungeon Crawl Stone Soup version 0.28-a0-43-g560ac104fe (webtiles) character file.

Game seed: 7339876811614500765

41 dolemite99 the Poker (level 3, -1/29 HPs)
             Began as a Demonspawn Fighter on July 29, 2021.
             Was an Initiate of Ashenzari.
             Frozen to death by an endoplasm (5 damage)
             ... on level 2 of the Dungeon.
             The game lasted 00:01:43 (1764 turns).

dolemite99 the Poker (Demonspawn Fighter)           Turns: 1764, Time: 00:01:43

Health: -1/29      AC:  6    Str: 17    XL:     3   Next: 32%
Magic:  3/3        EV:  9    Int:  9    God:    Ashenzari [......]
Gold:   16         SH:  0    Dex: 12    Spells: 2/2 levels left

rFire   . . .      SeeInvis .   a - +0 trident "Suspicion of Ashenzari" {Fort, Melee} (curse)
rCold   . . .      Faith    .   (no shield)
rNeg    . . .      Spirit   .   b - +0 scale mail
rPois   .          Reflect  .   (no helmet)
rElec   .          Harm     .   (no cloak)
rCorr   .          Rampage  .   (no gloves)
Will    .....                   (no boots)
Stlth   ..........              (no amulet)
HPRegen 0.09/turn               (no ring)
MPRegen 0.16/turn               (no ring)

@: mighty
A: magic regeneration
a: Renounce Religion, Curse Item, Shatter the Chains


You were on level 2 of the Dungeon.
You worshipped Ashenzari.
Ashenzari was noncommittal.
You visited 1 branch of the dungeon, and saw 2 of its levels.

You collected 16 gold pieces.

Inventory:

Hand Weapons
 a - the cursed +0 trident "Suspicion of Ashenzari" (weapon) {Fort, Melee}

   It has a curse which improves the following skills: Fortitude: Armour and
   Shields.
   Melee Combat: Short Blades, Long Blades, Axes, Maces & Flails, Polearms,
   Staves and Unarmed Combat.
Armour
 b - a +0 scale mail (worn)
 c - a +0 kite shield
Jewellery
 f - an amulet of guardian spirit
Scrolls
 g - a scroll of teleportation


   Skills:
 - Level 3.0 Fighting
 + Level 3.4(3.9) Polearms
 - Level 2.6(3.1) Armour
 - Level 2.6(3.1) Shields


You had 2 spell levels left.
You didn't know any spells.
Your spell library contained the following spells:

 Spells                   Type           Power      Damage    Failure   Level
 Gell's Gravitas          Tloc           0%         N/A       99%         3
 Lesser Beckoning         Tloc           0%         N/A       99%         3
 Teleport Other           Tloc           0%         N/A       99%         3


Dungeon Overview and Level Annotations

Branches:
Dungeon (2/15)

Altars:
Ashenzari


Innate Abilities, Weirdness & Mutations

You regenerate magic rapidly.


Message History

* * * LOW HITPOINT WARNING * * *
You hit the adder.
The adder is moderately wounded.
The endoplasm hits you but does no damage.
The adder barely misses you.
You completely miss the adder.
The adder is moderately wounded.
The adder barely misses you. The endoplasm freezes you.
You are frozen.
* * * LOW HITPOINT WARNING * * *
The adder bites you but does no damage.
You feel better. The endoplasm freezes you.
You are frozen.
* * * LOW HITPOINT WARNING * * *
The adder barely misses you.
You feel better. The endoplasm closely misses you. The adder barely misses you.
You feel very mighty all of a sudden. The adder barely misses you.
The endoplasm hits you but does no damage.
You hit the adder.
The adder is heavily wounded.
The adder bites you. The endoplasm freezes you.
You are frozen.
* * * LOW HITPOINT WARNING * * *
The adder bites you.
* * * LOW HITPOINT WARNING * * *
You closely miss the adder.
The adder is heavily wounded.
The endoplasm hits you but does no damage.
The adder barely misses you.
You puncture the adder!
You kill the adder!
The endoplasm barely misses you.
You barely miss the endoplasm. The endoplasm freezes you.
You are frozen.
You die...

### #..
#.# #
#.####+#..
#.........
#.........
#.@.......
#<.J......
##........
.........
#....)...
#........
#########


You could see an endoplasm.

Vanquished Creatures
  An adder (D:2)
  7 bats (D:1)
  5 endoplasms (D:1)
  2 giant cockroaches (D:1)
  A goblin (D:1)
  2 hobgoblins
  2 jackals (D:1)
  A ball python (D:1)
  A frilled lizard (D:1)
  7 kobolds (D:1)
  2 rats (D:1)
31 creatures vanquished.

Notes
Turn   | Place    | Note
-------+----------+-------------------------------------------
     0 | D:1      | dolemite99 the Demonspawn Fighter began the quest for the
                  | Orb.
     0 | D:1      | Reached XP level 1. HP: 18/18 MP: 1/1
   326 | D:1      | Gained mutation: You regenerate magic rapidly. [demonic
                  | ancestry]
   326 | D:1      | Reached XP level 2. HP: 18/24 MP: 2/2
   500 | D:1      | Found a faded altar of an unknown god.
   598 | D:1      | Became a worshipper of Ashenzari the Shackled
  1303 | D:1      | Reached XP level 3. HP: 26/29 MP: 3/3
  1757 | D:2      | HP: 1/29 [frozen (5)]
  1764 | D:2      | Frozen to death by an endoplasm

Illustrated notes

Levels and vault maps discovered:
D:1:      minmay_arrival_four_houses, layout_basic,
          hellmonk_ecumenical_altar_crossroads
D:2:      layout_basic, chequers_serial_rivers_room_a, supply_closet_lemuel,
          minivault_4

Skill      XL: |  1  2 |
---------------+-------+-----
Polearms       | 2 3 |  3.4
Fighting       | |  3.0
Armour         | |  2.6
Shields        | |  2.6

Action                   || total
-------------------------++-------
Melee: Trident           ||   133
Invok: Curse Item        ||     1
  Use: Potion            ||     3
Armor: Scale mail        ||    60
Dodge: Dodged            ||    82

Table legend: (Time is in decaauts)
 A = Elapsed time spent in this place.
 B = Non-inter-level travel time spent in this place.
 C = Inter-level travel time spent in this place.
 D = Time resting spent in this place.
 E = Time spent auto-exploring this place.
 F = Levels seen in this place.
 G = Mean time per level.
                   A        B        C        D        E       F      G
               +--------+--------+--------+--------+--------+-----+--------+
         Total |   1783 |   1775 |      8 |    323 |   1193 |   2 |  891.5 |
       Dungeon |   1783 |   1775 |      8 |    323 |   1193 |   2 |  891.5 |
               +--------+--------+--------+--------+--------+-----+--------+

Top non-repeatable levels by time:
     D:1: 1750 daAuts
     D:2: 32 daAuts
